 Dungeon Crawl Stone Soup version 0.27.1-34-g3ba077fa99 (webtiles) character file.

Game seed: 14129089509944179639

191 zeram the Conjurer (level 5, -1/24 HPs)
             Began as a Spriggan Conjurer on Jan 4, 2022.
             Slain by a gnoll (11 damage)
             ... on level 3 of the Dungeon.
             The game lasted 00:06:24 (3687 turns).

zeram the Conjurer (Spriggan Conjurer)              Turns: 3687, Time: 00:06:25

Health: -1/24      AC:  2    Str:  3    XL:     5   Next: 41%
Magic:  2/12       EV: 18    Int: 20    God:
Gold:   143        SH:  0    Dex: 14    Spells: 2/12 levels left

rFire    . . .     SeeInvis +   k - +1 whip
rCold    . . .     Faith    .   (shield restricted)
rNeg     . . .     Spirit   .   a - +0 robe
rPois    .         Reflect  .   (helmet restricted)
rElec    .         Harm     .   (no cloak)
rCorr    .         Rampage  .   (gloves unavailable)
Will     .....                  (boots unavailable)
Stlth    ++........             (no amulet)
HPRegen  0.08/turn              (no ring)
MPRegen  0.13/turn              (no ring)

@: very quick
A: very small, no large weapons, unfitting armour, see invisible, speed 3
a: no special abilities


You were on level 3 of the Dungeon.
You visited 1 branch of the dungeon, and saw 4 of its levels.

You collected 143 gold pieces.

Inventory:

Hand Weapons
 k - a +1 whip (weapon)
Missiles
 e - 11 poisoned darts (quivered)
Armour
 a - a +0 robe (worn)
Jewellery
 l - a ring of wizardry
Scrolls
 g - 2 scrolls of fear {unknown}
 i - a scroll of enchant armour {unknown}
 j - a scroll of silence {unknown}
 m - a scroll of noise {unknown}
 n - a scroll of enchant weapon
 p - a scroll of identify
Potions
 b - a potion of resistance
 c - 3 potions of degeneration
 d - a potion of ambrosia
 f - a potion of heal wounds
 h - 4 potions of curing
 o - a potion of might


   Skills:
 + Level 3.8 Dodging
 - Level 3.0 Stealth
 + Level 4.1 Spellcasting
 + Level 4.3 Conjurations


You had 2 spell levels left.
You knew the following spells:

 Your Spells              Type           Power      Damage    Failure   Level
a - Magic Dart            Conj           84%        1d7       2%          1
b - Searing Ray           Conj           42%        3d4       3%          2
c - Dazzling Flash        Conj/Hex       24%        N/A       16%         3
d - Iskenderun's Mystic   Conj/Tloc      12%        2d5       45%         4

Your spell library contained the following spells:

 Spells                   Type           Power      Damage    Failure   Level
 Fulminant Prism          Conj/Hex       6%         3d7       45%         4


Dungeon Overview and Level Annotations

Branches:
Dungeon (4/15)
 Temple: D:4-7

Altars:

Shops:
D:1 :


Innate Abilities, Weirdness & Mutations

You are very small and have problems with some larger weapons.
You are too small for most types of armour.
You have supernaturally acute eyesight. (SInv)
You cover ground extremely quickly. (Speed+++)


Message History

The searing ray misses the gnoll.
The hobgoblin shouts!
The quokka bites you. The gnoll closely misses you. The gnoll misses you.
The searing ray misses the gnoll.
You finish channeling your searing ray.
The quokka barely misses you. The gnoll misses you.
The gnoll barely misses you. The quokka misses you.
The gnoll completely misses you. The gnoll hits you with a +0 flail.
The gnoll hits you from afar with a +0 spear.
The quokka barely misses you.
You climb upwards.
There is a stone staircase leading down here.
Okay, then.
Okay, then.
Casting: Searing Ray (safe; 3% risk of failure)
Confirm with . or Enter, or press ? or * to list all spells.
Aiming: Searing Ray (safe; 3% risk of failure)
Press: ? - help, Shift-Dir - straight line, f - quokka
Aim: a quokka (69% to hit)
The searing ray hits the gnoll.
The gnoll is moderately wounded.
The searing ray hits the quokka.
You kill the quokka! (Press . to maintain the ray.)
The gnoll misses you. x2
The searing ray hits the gnoll!
The gnoll is severely wounded.
The gnoll completely misses you. The gnoll hits you with a +0 flail.
The searing ray hits the gnoll!
You kill the gnoll!
The gnoll misses you.
Casting: Searing Ray (safe; 3% risk of failure)
Confirm with . or Enter, or press ? or * to list all spells.
Restarting spell: Searing Ray (safe; 3% risk of failure)
Press: ? - help, Shift-Dir - straight line, f - gnoll
Aim: a gnoll, wielding a +0 flail (81% to hit)
The searing ray hits the gnoll!
The gnoll is severely wounded. (Press . to maintain the ray.)
The gnoll hits you with a +0 flail!
You die...

#.#.##.......#.###.##.#
##.#.##.#####.#†....##.#
####....##.###
#.###..##..#
.............#
#......##.##
..##....##...#
#.#.......#
.>###.#.##...#
#.).#######
......#.##...# #.###
..#####.##.[.# #g#
.............# #@#
..####.####..###)####
.####...###.........#
............####.##.#
#####...##### #.##.#
##.## #.##.# ######.#
#....# .......# ####.#
######## #.#


You could see a gnoll.

Vanquished Creatures
  A water moccasin skeleton (D:2)
  An orc wizard (D:3)
  Robin (D:4)
  A gnoll (D:3)
  3 adders
  2 worms
  2 dart slugs
  4 orcs (D:3)
  2 endoplasms (D:1)
  3 giant cockroaches
  10 goblins
  7 hobgoblins
  5 kobolds
  5 quokkas
  4 ball pythons
  2 bats
  3 rats
56 creatures vanquished.

Notes
Turn   | Place    | Note
-------+----------+-------------------------------------------
     0 | D:1      | zeram the Spriggan Conjurer began the quest for the Orb.
     0 | D:1      | Reached XP level 1. HP: 9/9 MP: 5/5
   489 | D:1      | Reached XP level 2. HP: 9/13 MP: 0/6
   596 | D:1      | Learned a level 2 spell: Searing Ray
  1073 | D:1      | Found Vetwarr's Book Boutique.
  1489 | D:2      | Reached XP level 3. HP: 13/16 MP: 2/8
  1970 | D:2      | Found a faded altar of an unknown god.
  2047 | D:2      | Reached XP level 4. HP: 11/21 MP: 1/10
  2122 | D:2      | Learned a level 3 spell: Dazzling Flash
  2127 | D:2      | Learned a level 4 spell: Iskenderun's Mystic Blast
  2665 | D:3      | Reached XP level 5. HP: 16/24 MP: 6/11
  3536 | D:4      | Noticed Robin
  3542 | D:4      | Killed Robin
  3687 | D:3      | Slain by a gnoll

Illustrated notes

Levels and vault maps discovered:
D:1:      giann_forest_graveyard, layout_basic, serial_shops,
          nicolae_shop_statue_plus, nrook_uturn
D:2:      layout_basic, hellmonk_ecumenical_altar_prayer_group
D:3:      layout_loops_ring, hangedman_abyss_or_decor_stabs
D:4:      layout_basic, lightli_ossuary_entry_decrepit_ruins,
          supply_closet_lemuel, uniq_menkaure, uniq_robin

Skill      XL: |  1  2  3  4  5 |
---------------+----------------+-----
Conjurations   | 3 4 |  4.3
Spellcasting   | 3 4 |  4.1
Dodging        | 3 |  3.8
Stealth        | |  3.0

Action                   |  1- 3 |  4- 6 || total
-------------------------+-------+-------++-------
Melee: Unarmed           |    37 |       ||    37
       Whip              |     2 |    13 ||    15
 Cast: Magic Dart        |    31 |     2 ||    33
       Searing Ray       |    14 |    17 ||    31
  Use: Scroll            |       |     7 ||     7
 Stab: Sleeping          |     3 |       ||     3
Armor: Robe              |    10 |     2 ||    12
Dodge: Dodged            |    67 |    41 ||   108
